 Dungeon Crawl Stone Soup version 0.20-b1-24-gb21faa7 (webtiles) character file.

186797 skittles the Scorcher (level 17, -13/158 HPs)
             Began as a Yellow Draconian Fire Elementalist on May 25, 2017.
             Was the Champion of Vehumet.
             Mangled by Agnes
             ... wielding a +1 lajatang of electrocution
              (45 damage)
             ... on level 3 of the Snake Pit.
             The game lasted 04:03:19 (37375 turns).

skittles the Scorcher (DrFE)                       Turns: 37375, Time: 04:03:19

Health: -13/158    AC: 17    Str: 11    XL:     17   Next: 43%
Magic:  13/34      EV: 15    Int: 21    God:    Vehumet [******]
Gold:   3450       SH:  0    Dex: 13    Spells: 7/42 levels left

rFire    + . .     SeeInvis .   t - +2 morningstar of Untruth {flame, rElec rPois rN++ Int-2}
rCold    x . .     Gourm    .   (no shield)
rNeg     + + .     Faith    .   (armour unavailable)
rPois    +         Spirit   .   (helmet restricted)
rElec    +         Reflect  .   M - +2 cloak
rCorr    +         Harm     .   D - +1 pair of gloves
MR       +....                  A - +2 pair of boots
Stlth    ++........             O - amulet of regeneration
Regen    0.8/turn               J - ring of fire
MPRegen  0.3/turn               y - ring of poison resistance

@: lethally poisoned (-13 -> -15), about to teleport, constricted, invisible
A: spit acid, acid resistance, unfitting armour, stinger 1, clever 1, robust 1,
acidic bite, cold-blooded, AC +9
}: 1/15 runes: decaying
a: Breathe Acid, Renounce Religion


You were on level 3 of the Snake Pit.
You worshipped Vehumet.
Vehumet was exalted by your worship.
You were hungry.

You visited 6 branches of the dungeon, and saw 31 of its levels.

You collected 3450 gold pieces.

Inventory:

Hand Weapons
 a - a +2 falchion of electrocution
 e - a +2 trident of flaming
 t - the +2 morningstar of Untruth (weapon) {flame, rElec rPois rN++ Int-2}
   (You found it on level 6 of the Lair of Beasts)

   It has been specially enchanted to burn those struck by it, causing extra
   injury to most foes and up to half again as much damage against particularly
   susceptible opponents.
   It affects your intelligence (-2).
   It insulates you from electricity.
   It protects you from poison.
   It greatly protects you from negative energy.
 v - a +5 long sword
Armour
 A - a +2 pair of boots (worn)
 D - a +1 pair of gloves (worn)
 M - a +2 cloak (worn)
Magical Staves
 b - an uncursed staff of power
Jewellery
 m - an uncursed ring of flight
 y - a ring of poison resistance (right hand)
 J - a ring of fire (left hand)
 O - an amulet of regeneration (around neck)
 R - an uncursed ring of protection from magic
 S - an uncursed ring of protection from cold
 T - an uncursed ring of see invisible
 W - the ring of Grontol {rF++ Dex+2 Stlth-}
   (You found it on level 6 of the Lair of Beasts)

   [ring of dexterity]

   It affects your dexterity (+2).
   It greatly protects you from fire.
   It makes you less stealthy.
Scrolls
 d - 13 scrolls of remove curse
 f - 5 scrolls of identify
 l - 11 scrolls of teleportation
 o - 3 scrolls of blinking
 w - 4 scrolls of fog
 x - 3 scrolls of magic mapping
 H - 4 scrolls of fear
 Q - a scroll of vulnerability
Potions
 c - 2 potions of magic
 g - 11 potions of curing
 h - 6 potions of flight
 i - a potion of mutation
 p - 5 potions of lignification
 q - 5 potions of brilliance
 r - 4 potions of heal wounds
 u - 3 potions of invisibility
 z - a potion of ambrosia
 B - a potion of cancellation
 C - 3 potions of resistance
 E - a potion of agility
 F - 5 potions of might
 G - 2 potions of haste
 K - 2 potions of berserk rage
Books
 j - a book of the Earth

   Spells                             Type                      Level
   a - Leda's Liquefaction            Hexes/Earth                  4
   b - Bolt of Magma                  Conjuration/Fire/Earth       5
   c - Statue Form                    Transmutation/Earth          6
   d - Iron Shot                      Conjuration/Earth            6
   e - Shatter                        Earth                        9
 N - a book of Ice

   Spells                             Type                      Level
   a - Ice Form                       Ice/Transmutation            4
   b - Metabolic Englaciation         Hexes/Ice                    5
   c - Ozocubu's Refrigeration        Ice                          6
   d - Bolt of Cold                   Conjuration/Ice              6
   e - Freezing Cloud                 Conjuration/Ice/Air          6
   f - Simulacrum                     Ice/Necromancy               6
Miscellaneous
 I - a phial of floods
 L - a box of beasts
Comestibles
 k - a bread ration
 n - 8 meat rations
 s - 29 royal jellies


   Skills:
 - Level 11.0 Fighting
 - Level 10.2 Dodging
 - Level 1.7 Stealth
 + Level 13.0 Spellcasting
 + Level 15.0 Conjurations
 - Level 13.0 Summonings
 + Level 15.1 Fire Magic


You had 7 spell levels left.
You knew the following spells:

 Your Spells              Type           Power        Failure   Level  Hunger
a - Flame Tongue          Conj/Fire      #####        0%          1    None
b - Conjure Flame         Conj/Fire      #######.     1%          3    None
c - Sticky Flame          Conj/Fire      #######.     1%          4    None
d - Fireball              Conj/Fire      #######...   1%          5    ####...
e - Throw Icicle          Conj/Ice       #####...     1%          4    None
f - Dazzling Spray        Conj/Hex       #####.       1%          3    None
g - Bolt of Fire          Conj/Fire      #######...   1%          6    #####..
h - Apportation           Tloc           ##....       4%          1    None
i - Summon Butterflies    Summ           ######..     1%          1    None
j - Spellforged Servitor  Conj/Summ      ######....   3%          7    #######


Dungeon Overview and Level Annotations

Branches:
Dungeon (15/15)            Temple (1/1) D:6            Lair (6/6) D:10
  Swamp (4/4) Lair:2        Snake (3/4) Lair:3        Slime (0/5) Lair:6
    Orc (2/2) D:11            Elf (0/3) Orc:2        Vaults (0/5) D:14
 Depths (0/5) D:15

Altars:
Ashenzari
Cheibriados
Dithmenos
Elyvilon
Fedhas
Gozag
Kikubaaqudgha
Makhleb
Nemelex Xobeh
Okawaru
Qazlal
Ru
Sif Muna
Trog
Uskayaw
Vehumet
Xom
Yredelemnul
Zin
Beogh
Jiyva

Shops:
D:10 (   Orc:2 ?}=:

Annotations:
D:11 exclusion: orange crystal statue
Snake:3 Agnes


Innate Abilities, Weirdness & Mutations

You can spit globs of acid.
You are resistant to acid.
Your golden yellow scales are hard. (AC +9)
You cannot fit into any form of body armour.
You have acidic saliva.
You are cold-blooded and may be slowed by cold attacks.
Your tail ends in a poisonous barb.
Your mind is acute. (Int +2)
You are robust. (+10% HP)


Message History

Your spellforged servitor sprays the guardian serpent with burning goo.
The sticky flame hits the guardian serpent.
The guardian serpent is covered in liquid flames!
The sea snake closely misses you.
You feel much better.
You feel sick.
The guardian serpent burns!
Agnes hits you with a lajatang of electrocution.
* * * LOW HITPOINT WARNING * * *
The guardian serpent closely misses your spellforged servitor.
The naga warrior completely misses you.
The sea snake bites you but does no damage.
The naga warrior hits you with a broad axe.
* * * LOW HITPOINT WARNING * * *
The naga warrior constricts you.
The guardian serpent hits your spellforged servitor!!
You fade into invisibility!
You feel sick.
The guardian serpent burns!
Agnes hits you with a lajatang of electrocution.
* * * LOW HITPOINT WARNING * * *
Agnes hits you with a lajatang of electrocution!!!
You die...

≈≈≈P≈≈ P≈≈≈≈≈≈≈≈♣
≈P≈≈≈≈≈≈≈#
≈≈≈≈†≈≈≈≈## ..
≈PP≈≈≈≈≈≈.# ..(
≈≈≈NP≈≈≈≈.## #..#
≈≈≈≈PPP≈≈#.## #...#
.≈≈...≈.PS8i##N..##
S.......NS#@S.....#
..........#NN.......#
########.....###.....
###...#####..
#.....##..###
#...#..#.....##
#...###........##
#...# #.........##
#...# ##.<........##


You could see 2 naga warriors, Agnes, a naga sharpshooter, a sea snake, a
guardian serpent (burning) and a friendly spellforged servitor.

Vanquished Creatures
  Jorgrun (Swamp:2)
  Asterion (Snake:1)
  A nagaraja (Snake:2)
  An orc warlord (Orc:2)
  Aizul (Snake:1)
  Azrael (D:14)
  2 ettins
  3 fire dragons
  The ghost of theElss the Devastator, a journeyman DECj of Vehumet (Lair:6)
  Fannar (Lair:1)
  Harold (Lair:1)
  A naga warrior (Snake:1)
  5 centaur warriors
  17 hydras
  Erica (D:9)
  10 two-headed ogres
  4 alligators
  An anaconda (Snake:2)
  6 death yaks
  5 orc high priests (Orc:2)
  A tengu warrior (D:14)
  5 naga sharpshooters (Snake:2)
  2 spriggan berserkers (Swamp:4)
  Nergalle (Lair:2)
  A shock serpent (Snake:2)
  A fire crab (Lair:6)
  3 unseen horrors
  3 sea snakes
  2 swamp dragons
  7 orc knights
  4 deep elf magi
  7 ugly things
  3 oklob plants
  Pikel (D:5)
  2 manticores
  A cyclops (D:14)
  5 salamanders
  6 elephants (Lair:4)
  Psyche (D:9)
  3 centaur zombies
  14 black mambas
  A naga mage (Snake:1)
  4 rime drakes
  A gargoyle (D:13)
  16 spiny frogs
  A yaktaur (D:15)
  A spiny frog (shapeshifter) (D:14)
  A freezing wraith (D:14)
  11 komodo dragons
  2 efreet
  8 trolls
  A harpy zombie (D:13)
  A meliai (shapeshifter) (D:15)
  9 polar bears (Lair:6)
  3 hornets
  10 dream sheep
  A tyrant leech (Swamp:1)
  10 hippogriffs
  3 bog bodies
  2 raiju (Lair:6)
  17 blink frogs
  2 redbacks (Snake:2)
  Sigmund (D:3)
  3 shadows
  3 wyverns
  27 yaks
  A water elemental (Orc:2)
  4 humans
  A wraith (D:13)
  2 fire elementals (D:14)
  6 basilisks
  12 vampire mosquitoes
  4 hungry ghosts
  A steam dragon (Lair:6)
  20 swamp worms
  4 insubstantial wisps
  9 wargs
  3 nagas
  A soldier ant (D:12)
  2 acid dragons
  35 water moccasins
  18 porcupines
  3 swamp drakes
  19 hell hounds
  7 ice beasts
  4 sky beasts
  46 orc warriors
  14 black bears
  2 hornet zombies
  5 phantoms
  12 ogres
  An eye of draining (D:11)
  A necrophage (D:8)
  36 wolves
  5 centaurs
  17 crocodiles
  23 bullfrogs
  3 big kobolds
  2 scorpions (D:12)
  The ghost of cereshysteria the Charmwright, a weakling NaSk (D:3)
  8 killer bees
  11 wights
  5 howler monkeys
  5 electric eels
  5 crimson imps
  A bullfrog zombie (D:6)
  9 hounds
  4 jellies
  23 orc wizards
  A quasit (D:13)
  31 orc priests
  3 bullfrog skeletons
  6 centaur skeletons
  A gnoll shaman (Orc:2)
  11 worker ants
  10 iguanas
  3 hell rats (D:10)
  A hound zombie (D:8)
  A hound skeleton (D:9)
  A worker ant zombie (D:5)
  14 adders
  20 gnolls
  2 shadow imps
  5 oozes (D:8)
  6 adder skeletons
  16 worms
  7 dart slugs
  6 leopard geckos
  146 orcs
  5 ball pythons
  8 bats
  9 giant cockroaches
  4 goblins (D:1)
  5 hobgoblins
  12 jackals
  28 kobolds
  6 quokkas
  11 frilled lizards
  A jackal skeleton (D:6)
  2 leopard gecko skeletons (D:4)
  A quokka skeleton (D:4)
  10 rats
  A fungus (Lair:3)
  6 plants
1071 creatures vanquished.

Vanquished Creatures (collateral kills)
  Vashnia (Snake:2)
  Kirke (Swamp:4)
  Roxanne (D:15)
  A nagaraja (Snake:3)
  A fire dragon (D:15)
  17 hydras
  3 naga warriors
  An ice dragon (D:15)
  4 anacondas
  6 alligators
  3 two-headed ogres
  2 centaur warriors
  A tengu warrior (D:14)
  2 shock serpents
  2 naga sharpshooters (Snake:2)
  2 spriggans (Swamp:2)
  2 sea snakes
  A salamander mystic (Snake:3)
  8 swamp dragons
  A spriggan druid (Swamp:4)
  An orange crystal statue (D:15)
  A shambling mangrove (Swamp:4)
  An orc knight (D:14)
  A cyclops (D:14)
  An ugly thing (D:15)
  3 salamanders
  3 mana vipers
  2 manticores (D:15)
  A centaur zombie (D:14)
  A guardian serpent (Snake:1)
  4 black mambas
  A naga mage (Snake:2)
  A spiny frog (Swamp:3)
  A komodo dragon (shapeshifter) (D:15)
  3 yaktaurs (D:15)
  A troll (D:14)
  2 tyrant leeches
  4 hornets (Swamp:2)
  3 bog bodies
  A shadow (Swamp:2)
  5 redbacks (Snake:2)
  A hog (Swamp:4)
  13 humans (D:14)
  5 insubstantial wisps (Swamp:3)
  5 vampire mosquitoes
  4 swamp worms
  9 nagas
  A water moccasin (Snake:2)
  7 swamp drakes
  4 centaurs
  2 bullfrogs (D:15)
  2 adders (Snake:2)
  2 ball pythons (Snake:2)
156 creatures vanquished.

Vanquished Creatures (others)
  A blink frog (Lair:2)
  A human (Swamp:4)
  A slave (D:5)
  A centaur (D:5)
  A quasit (D:5)
  2 centaur skeletons (D:5)
  2 worker ants (D:5)
  A worker ant zombie (D:5)
  12 fungi
  16 plants
38 creatures vanquished.

Grand Total: 1265 creatures vanquished

Notes
Turn   | Place    | Note
-------+----------+-------------------------------------------
     0 | D:1      | skittles the Draconian Fire Elementalist began the quest for the Orb.
     0 | D:1      | Reached XP level 1. HP: 14/14 MP: 3/3
   277 | D:1      | Reached XP level 2. HP: 20/20 MP: 5/5
   564 | D:1      | Reached XP level 3. HP: 26/26 MP: 2/6
  1495 | D:3      | Reached XP level 4. HP: 28/33 MP: 5/7
  1515 | D:2      | Learned a level 3 spell: Conjure Flame
  1816 | D:3      | Reached XP level 5. HP: 38/38 MP: 4/8
  1851 | D:3      | Noticed cereshysteria's ghost (weakling NaSk)
  1856 | D:3      | Noticed Sigmund
  1856 | D:3      | Killed cereshysteria's ghost
  1861 | D:3      | Killed Sigmund
  1861 | D:3      | Reached skill level 5 in Fire Magic
  1861 | D:3      | Reached XP level 6. HP: 35/45 MP: 0/9
  2215 | D:3      | Learned a level 4 spell: Sticky Flame
  2309 | D:4      | Reached skill level 5 in Conjurations
  2420 | D:4      | Your scales start taking on a golden yellow colour.
  2420 | D:4      | Reached XP level 7. HP: 28/50 MP: 0/10
  2845 | D:5      | Entered Level 5 of the Dungeon
  2922 | D:5      | Noticed Pikel
  2958 | D:5      | Killed Pikel
  2958 | D:5      | Reached XP level 8. HP: 23/57 MP: 0/11
  3372 | D:5      | Found a sacrificial altar of Ru.
  3832 | D:6      | Found a staircase to the Ecumenical Temple.
  3840 | Temple   | Entered the Ecumenical Temple
  3901 | Temple   | Became a worshipper of Vehumet
  4312 | D:6      | Noticed a two-headed ogre
  4326 | D:6      | Killed a two-headed ogre
  4326 | D:6      | Reached XP level 9. HP: 26/62 MP: 5/12
  4775 | D:6      | Found a shimmering altar of Xom.
  5010 | D:6      | Found a glowing silver altar of Zin.
  5011 | D:6      | Found a stormy altar of Qazlal.
  5222 | D:7      | Reached * piety under Vehumet
  5222 | D:7      | Offered knowledge of Sandblast by Vehumet.
  5243 | D:7      | Found a blossoming altar of Fedhas.
  5245 | D:7      | Found a deep blue altar of Sif Muna.
  5249 | D:7      | Found an opulent altar of Gozag.
  5587 | D:7      | Learned a level 5 spell: Fireball
  5817 | D:7      | Reached skill level 10 in Fire Magic
  6056 | D:8      | Reached XP level 10. HP: 69/69 MP: 3/16
  6169 | D:8      | Reached skill level 10 in Conjurations
  6236 | D:8      | Offered knowledge of Magic Dart by Vehumet.
  6238 | D:8      | Reached ** piety under Vehumet
  6498 | D:8      | Found a viscous altar of Jiyva.
  6520 | D:8      | Noticed a two-headed ogre
  6558 | D:8      | Killed a two-headed ogre
  6558 | D:8      | Reached skill level 5 in Spellcasting
  6919 | D:8      | Gained mutation: Scrolls take you a little longer to read. [potion of mutation]
  6919 | D:8      | Gained mutation: Your spells are a little harder to cast, but a little more powerful. [potion of mutation]
  6920 | D:8      | Lost mutation: Scrolls take you a little longer to read. [potion of mutation]
  6920 | D:8      | Lost mutation: Your spells are a little harder to cast, but a little more powerful. [potion of mutation]
  6920 | D:8      | Gained mutation: Your mind is acute. (Int +2) [potion of mutation]
  6920 | D:8      | Gained mutation: Your tail ends in a poisonous barb. [potion of mutation]
  6920 | D:8      | Gained mutation: You are robust. (+10% HP) [potion of mutation]
  7000 | D:9      | Offered knowledge of Searing Ray by Vehumet.
  7033 | D:9      | Reached *** piety under Vehumet
  7116 | D:9      | Noticed Psyche
  7136 | D:8      | Learned a level 4 spell: Throw Icicle
  7257 | D:9      | Killed Psyche
  7500 | D:9      | Offered knowledge of Dazzling Spray by Vehumet.
  7511 | D:9      | Learned a level 3 spell: Dazzling Spray
  7544 | D:9      | Noticed Erica
  7550 | D:9      | Killed Erica
  7550 | D:9      | Reached XP level 11. HP: 69/81 MP: 15/20
  7742 | D:9      | Noticed a two-headed ogre
  7755 | D:9      | Killed a two-headed ogre
  8158 | D:10     | Entered Level 10 of the Dungeon
  8170 | D:10     | Found a shadowy altar of Dithmenos.
  8170 | D:10     | Noticed an oklob plant
  8178 | D:10     | Noticed a death yak
  8178 | D:10     | Noticed a death yak
  8199 | D:10     | Killed a death yak
  8199 | D:10     | Reached skill level 1 in Fighting
  8205 | D:10     | Killed a death yak
  8284 | D:10     | Found Huwon's Weapon Shoppe.
  8308 | D:10     | Noticed a two-headed ogre
  8308 | D:10     | Noticed a two-headed ogre
  8316 | D:10     | Killed a two-headed ogre
  8321 | D:10     | Killed a two-headed ogre
  8400 | D:10     | Paralysed by a hornet for 2 turns
  8402 | D:10     | Reached **** piety under Vehumet
  8582 | D:10     | Noticed a death yak
  8608 | D:10     | Killed a death yak
  8704 | D:10     | Found a staircase to the Lair.
  9164 | D:10     | Killed an oklob plant
  9285 | D:11     | Offered knowledge of Bolt of Magma by Vehumet.
  9464 | D:11     | Found a staircase to the Orcish Mines.
  9547 | D:11     | Noticed a centaur warrior
  9569 | D:11     | Killed a centaur warrior
  9569 | D:11     | Reached XP level 12. HP: 24/100 MP: 13/23
  9869 | D:11     | Learned a level 5 spell: Bolt of Magma
 10010 | D:11     | Noticed a six-headed hydra
 10096 | D:11     | Reached ***** piety under Vehumet
 10156 | D:11     | Learned a level 1 spell: Apportation
 10162 | D:11     | Got a crude long sword
 10165 | D:11     | Identified the +3 long sword of the Jester {protect, rElec} (You found it on level 11 of the Dungeon)
 11006 | D:12     | Offered knowledge of Force Lance by Vehumet.
 11167 | D:12     | HP: 5/102 [white ugly thing (18)]
 11172 | D:12     | Reached skill level 5 in Fighting
 11327 | D:11     | Learned a level 1 spell: Summon Butterflies
 11500 | D:12     | Reached skill level 5 in Dodging
 12025 | Lair:1   | Entered Level 1 of the Lair of Beasts
 12100 | Lair:1   | Noticed Fannar
 12341 | Lair:1   | Killed Fannar
 12389 | Lair:1   | Noticed a fire dragon
 12539 | Lair:1   | HP: 4/105 [fire dragon/blast of flame (50)]
 12543 | Lair:1   | Killed a fire dragon
 12745 | Lair:1   | Noticed Harold
 12778 | Lair:1   | Killed Harold
 12968 | Lair:1   | Reached XP level 13. HP: 105/113 MP: 25/25
 13736 | Lair:1   | Learned a level 6 spell: Bolt of Fire
 13745 | Lair:1   | Identified a scroll of acquirement
 14121 | Lair:2   | Noticed Nergalle
 14126 | Lair:2   | Killed Nergalle
 14165 | Lair:2   | Offered knowledge of Lightning Bolt by Vehumet.
 14861 | Lair:2   | Found a staircase to the Swamp.
 16021 | Lair:3   | Found a staircase to the Snake Pit.
 16919 | Lair:4   | Gained mutation: You have acidic saliva. [Yellow Draconian growth]
 16919 | Lair:4   | Reached XP level 14. HP: 125/127 MP: 24/27
 17231 | Lair:4   | Reached skill level 10 in Spellcasting
 18886 | Lair:6   | Entered Level 6 of the Lair of Beasts
 19113 | Lair:6   | Noticed theElss's ghost (journeyman DECj)
 19201 | Lair:6   | Killed theElss's ghost
 19618 | Lair:6   | Offered knowledge of Spellforged Servitor by Vehumet.
 20094 | Lair:6   | Found a staircase to the Slime Pits.
 20095 | Lair:6   | Found a viscous altar of Jiyva.
 20968 | Lair:6   | Reached skill level 10 in Fighting
 21284 | Lair:6   | Got an iridescent morningstar
 21285 | Lair:6   | Identified the cursed +2 morningstar of Untruth {flame, rElec rPois rN++ Int-2} (You found it on level 6 of the Lair of Beasts)
 21340 | Lair:6   | Reached skill level 1 in Summonings
 21693 | Lair:6   | Got a vibrating turquoise ring
 21695 | Lair:6   | Identified the ring of Grontol {rF++ Dex+2 Stlth-} (You found it on level 6 of the Lair of Beasts)
 21782 | Lair:6   | Learned a level 7 spell: Spellforged Servitor
 22040 | Orc:1    | Entered Level 1 of the Orcish Mines
 22401 | Orc:1    | Reached XP level 15. HP: 69/138 MP: 8/30
 22745 | Orc:1    | Offered knowledge of Iskenderun's Battlesphere by Vehumet.
 22928 | Orc:2    | Entered Level 2 of the Orcish Mines
 23033 | Orc:2    | Found a roughly hewn altar of Beogh.
 23131 | Orc:2    | Found a staircase to the Elven Halls.
 23208 | Orc:2    | Noticed an orc warlord
 23354 | Orc:2    | Killed an orc warlord
 23354 | Orc:2    | Reached skill level 5 in Summonings
 24148 | Orc:2    | Reached ****** piety under Vehumet
 25263 | Orc:2    | Found Leisisoo's Book Boutique.
 25266 | Orc:2    | Found Viedio's Magic Scroll Boutique.
 25267 | Orc:2    | Found Jathokud's Jewellery Boutique.
 25268 | Orc:2    | Found Xyse's Gadget Shop.
 25717 | D:13     | Found a hide-covered altar of Uskayaw.
 25791 | D:13     | Offered knowledge of Conjure Ball Lightning by Vehumet.
 26965 | D:14     | Reached skill level 10 in Summonings
 27126 | D:14     | Found a gate to the Vaults.
 27371 | D:14     | Offered knowledge of Ozocubu's Refrigeration by Vehumet.
 28126 | D:14     | Noticed Azrael
 28267 | D:14     | Killed Azrael
 28472 | D:15     | Entered Level 15 of the Dungeon
 29028 | D:15     | Reached XP level 16. HP: 145/147 MP: 31/31
 29514 | D:15     | Noticed Roxanne
 29845 | D:15     | Killed Roxanne
 30085 | D:15     | Found a staircase to the Depths.
 30400 | Swamp:1  | Entered Level 1 of the Swamp
 30511 | Swamp:1  | Offered knowledge of Freezing Cloud by Vehumet.
 31403 | Swamp:2  | Noticed Jorgrun
 31426 | Swamp:2  | Killed Jorgrun
 31434 | Swamp:2  | You fall through a shaft!
 32291 | Swamp:4  | Entered Level 4 of the Swamp
 33328 | Swamp:4  | Offered knowledge of Fire Storm by Vehumet.
 33328 | Swamp:4  | Offered knowledge of Chain Lightning by Vehumet.
 33328 | Swamp:4  | Offered knowledge of Tornado by Vehumet.
 33584 | Swamp:4  | Noticed Kirke
 33591 | Swamp:4  | Killed Kirke
 33767 | Swamp:4  | Got a decaying rune of Zot
 34279 | Snake:1  | Entered Level 1 of the Snake Pit
 34279 | Snake:1  | Noticed Asterion
 34284 | Snake:1  | Killed Asterion
 34286 | Snake:1  | Got a spiked shield
 34295 | Snake:1  | Identified the +5 shield of Futusur {MR- MP+9 Int+3} (You took it off Asterion on level 1 of the Snake Pit)
 34730 | Snake:1  | Reached XP level 17. HP: 157/157 MP: 33/33
 34781 | Snake:1  | Found a hide-covered altar of Uskayaw.
 34781 | Snake:1  | Noticed Aizul
 34791 | Snake:1  | Killed Aizul
 35491 | Snake:2  | Noticed Vashnia
 35512 | Snake:2  | Reached skill level 10 in Dodging
 35531 | Snake:2  | Killed Vashnia
 36699 | Snake:2  | Reached skill level 15 in Fire Magic
 36845 | Snake:3  | Reached skill level 15 in Conjurations
 37371 | Snake:3  | Noticed Agnes
 37375 | Snake:3  | Mangled by Agnes

Skill      XL: |  1  2  3  4  5  6  7  8  9 10 11 12 13 14 15 16 17 |
---------------+----------------------------------------------------+-----
Conjurations   | 2 3 4 5 6 8 9 11 12 13 14 15 | 15.0
Fire Magic     | 4 5 7 9 10 11 12 13 14 15 | 15.1
Spellcasting   | 4 6 7 8 9 11 12 13 | 13.0
Fighting       | 4 6 8 10 11 | 11.0
Dodging        | 3 5 7 9 10 | 10.2
Summonings     | 2 11 12 13 | 13.0
Stealth        | |  1.7

Action                   |  1- 3 |  4- 6 |  7- 9 | 10-12 | 13-15 | 16-18 || total
-------------------------+-------+-------+-------+-------+-------+-------++-------
Melee: Unarmed           |    20 |       |       |       |       |       ||    20
       Spear             |   114 |     5 |    28 |     6 |     5 |       ||   158
       Tailslap          |    10 |     6 |    25 |    66 |   116 |     7 ||   230
       Falchion          |       |    70 |   179 |   436 |   561 |    10 ||  1256
       Flail             |       |       |     3 |       |       |       ||     3
       Dagger            |       |       |       |    11 |       |       ||    11
       Trident           |       |       |       |     8 |     9 |       ||    17
       Staff             |       |       |       |       |    81 |     6 ||    87
       Long sword        |       |       |       |       |     5 |       ||     5
       Bite              |       |       |       |       |    66 |    10 ||    76
       Morningstar       |       |       |       |       |       |    48 ||    48
 Cast: Flame Tongue      |    19 |    40 |   131 |   337 |   877 |   445 ||  1849
       Sticky Flame      |       |     1 |     3 |    50 |   185 |    57 ||   296
       Conjure Flame     |       |       |     3 |    14 |    38 |     2 ||    57
       Throw Icicle      |       |       |       |    11 |    89 |    37 ||   137
       Fireball          |       |       |       |    18 |    52 |    28 ||    98
       Dazzling Spray    |       |       |       |     1 |       |       ||     1
       Apportation       |       |       |       |     5 |       |       ||     5
       Bolt of Fire      |       |       |       |       |    57 |    20 ||    77
       Spellforged Servi |       |       |       |       |     9 |    72 ||    81
 Abil: Evoke Flight      |       |       |       |     1 |       |       ||     1
       Breathe Acid      |       |       |       |     2 |    17 |       ||    19
Evoke: Phial of floods   |       |       |       |     1 |       |       ||     1
  Use: Scroll            |       |       |       |    20 |    12 |     3 ||    35
       Potion            |       |       |       |    10 |     2 |     3 ||    15
 Stab: Sleeping          |     6 |     2 |     1 |     4 |     1 |       ||    14
       Distracted        |       |       |       |       |     1 |       ||     1
  Eat: Chunk             |     2 |     4 |    13 |    23 |    69 |    20 ||   131
       Royal jelly       |       |       |     1 |     1 |       |       ||     2
       Fruit             |       |       |       |    12 |    24 |       ||    36
       Meat ration       |       |       |       |       |     1 |     2 ||     3
       Bread ration      |       |       |       |       |       |     8 ||     8
Armor: Skin              |    64 |    32 |   127 |   350 |   493 |   122 ||  1188
Dodge: Dodged            |    92 |    64 |   179 |   583 |  1519 |   360 ||  2797
       Rpst.: Falchion   |       |    20 |    53 |   141 |   293 |     2 ||   509
       Long sword        |       |       |       |       |     4 |       ||     4
